 Dungeon Crawl Stone Soup version 0.31-a0-1370-gf52a5a9ab3 (webtiles) character file.

Game seed: 14491172796883012590

156805 gohu the Warrior (level 17, -5/170 HPs)
             Began as a Minotaur Fighter on Dec 23, 2023.
             Was the Champion of Okawaru.
             Slain by Agnes
             ... wielding a +1 lajatang of electrocution
              (18 damage)
             ... on level 2 of the Spider Nest.
             The game lasted 01:20:51 (28084 turns).

gohu the Warrior (Minotaur Fighter)                Turns: 28084, Time: 01:20:52

Health: -5/170     AC: 38    Str: 35    XL:     17   Next: 11%
Magic:  18/21      EV: 16    Int:  5    God:    Okawaru [******]
Gold:   1870       SH: 22    Dex: 10    Spells: 16/16 levels left

rFire   + . .        w - +9 eveningstar (protect)
rCold   + . .        y - +2 tower shield {rN+}
rNeg    + . .        S - +2 plate armour {rC+}
rPois   .            u - +1 hat
rElec   .            d - +0 cloak
rCorr   +            c - +2 pair of gloves {hurl}
SInv    .            I - +1 pair of boots
Will    +....        B - amulet of Dawn {rF+ Regen+ rCorr} Stlth
                     h - +6 ring of strength
HPRegen 1.28/turn    j - +5 ring of evasion
MPRegen 0.17/turn

%: no passive effects
@: heroic, finesse-ful, under a protective aura
A: horns 2, retaliatory headbutt
a: Renounce Religion, Heroism, Finesse, Duel


You were on level 2 of the Spider Nest.
You worshipped Okawaru.
Okawaru was exalted by your worship.
You visited 5 branches of the dungeon, and saw 25 of its levels.
You also visited: Sewer, Ossuary, Ice Cave and Volcano.

You collected 2889 gold pieces.
You spent 1019 gold pieces at shops.

Inventory:

Hand Weapons
 w - a +9 eveningstar of protection (weapon)
Missiles
 a - a throwing net
 n - 5 boomerangs (quivered)
 T - 5 javelins
 V - 8 silver javelins
Armour
 c - a +2 pair of gloves of hurling (worn)
 d - a +0 cloak (worn)
 k - a +2 pair of gloves
 u - a +1 hat (worn)
 y - a +2 tower shield of positive energy (worn)
 I - a +1 pair of boots (worn)
 S - a +2 plate armour of cold resistance (worn)
Jewellery
 h - a +6 ring of strength (left hand)
 j - a +5 ring of evasion (right hand)
 B - the amulet of Dawn (around neck) {rF+ Regen+ rCorr}
   (You took it off a deep elf pyromancer on level 13 of the Dungeon)

   [amulet of regeneration]

   rF+:       It protects you from fire.
   Regen+:    It increases your rate of health regeneration.
   rCorr:     It protects you from acid and corrosion.
 H - an amulet of faith
 Q - a ring of willpower
Wands
 b - a wand of quicksilver (6)
 g - a wand of digging (9)
 l - a wand of iceblast (14)
 Y - a wand of flame (10)
 Z - a wand of mindburst (8)
Scrolls
 e - 12 scrolls of teleportation
 i - 6 scrolls of fear
 m - 2 scrolls of enchant weapon
 p - 3 scrolls of amnesia
 q - 2 scrolls of vulnerability
 z - a scroll of fog
 A - 3 scrolls of revelation
 F - 2 scrolls of noise
 J - 3 scrolls of blinking
 N - 5 scrolls of poison
 O - 15 scrolls of identify
 U - 2 scrolls of silence
 X - a scroll of butterflies
Potions
 f - a potion of cancellation
 o - 6 potions of haste
 r - 8 potions of heal wounds
 s - 2 potions of berserk rage
 t - 5 potions of mutation
 v - 8 potions of curing


   Skills:
 * Level 20.2(25.2) Fighting
 + Level 17.2(22.2) Maces & Flails
 + Level 11.2(16.2) Throwing
 * Level 16.0(21.0) Armour
 - Level 4.2(9.2) Dodging
 + Level 15.0(20.0) Shields
 - Level 7.9 Invocations


You had 16 spell levels left.
You didn't know any spells.
Your spell library contained the following spells:

 Spells                   Type           Power      Damage    Failure   Level
 Foxfire                  Conj/Fire      0%         2x1d4     94%         1
 Kiss of Death            Conj/Necr      0%         2d5       94%         1
 Cigotuvi's Dreadful Rot  Necr/Alch/Air  0%         N/A       98%         2
 Jinxbite                 Hex            0%         N/A       98%         2
 Static Discharge         Conj/Air       0%         3-3/arc   98%         2
 Confusing Touch          Hex            0%         N/A       100%        3
 Gell's Gravitas          Tloc           0%         N/A       100%        3
 Inner Flame              Hex/Fire       0%         N/A       100%        3
 Teleport Other           Tloc           0%         N/A       100%        3
 Airstrike                Air            0%         2d(0-16)  100%        4
 Brom's Barrelling Bould  Conj/Erth      0%         2d3       100%        4
 Cause Fear               Hex            0%         N/A       100%        4
 Dispel Undead            Necr           0%         3d6       100%        4
 Passage of Golubria      Tloc           0%         N/A       100%        4
 Petrify                  Alch/Erth      0%         N/A       100%        4
 Fireball                 Conj/Fire      0%         3d3       100%        5
 Irradiate                Conj/Alch      0%         3d11      100%        5
 Lee's Rapid Deconstruct  Erth           0%         3d4*      100%        5
 Yara's Violent Unravell  Hex/Alch       0%         3d3       100%        5
 Dispersal                Tloc           0%         N/A       100%        6
 Plasma Beam              Fire/Air       0%         2x1d10    100%        6
 Starburst                Conj/Fire      0%         6d3       100%        6
 Enfeeble                 Hex            0%         N/A       100%        7
 Ignition                 Fire           0%         3d3       100%        8
 Tukima's Dance           Hex            Unusable   N/A       N/A         3
 Summon Lightning Spire   Summ/Air       Unusable   N/A       N/A         4
 Death Channel            Necr           Unusable   N/A       N/A         6
 Dragon's Call            Summ           Unusable   N/A       N/A         9

Dungeon Overview and Level Annotations

Branches:
Dungeon (15/15)            Temple (1/1) D:6            Lair (5/5) D:8
 Shoals (0/4) Lair:3       Spider (2/4) Lair:2        Slime (0/5) Lair:5
    Orc (2/2) D:11            Elf (0/3) Orc:2        Vaults (0/5) D:13
 Depths (0/4) D:15          Sewer (visited)         Ossuary (visited)
  IceCv (visited)         Volcano (visited)

Altars:
Ashenzari
Cheibriados
Dithmenos
Elyvilon
Fedhas
Gozag
Hepliaklqana
Kikubaaqudgha
Makhleb
Nemelex Xobeh
Okawaru
Qazlal
Ru
Sif Muna
Trog
Uskayaw
Vehumet
Wu Jian
Xom
Yredelemnul
Zin
The Shining One

Shops:
D:3 (   D:6 (!   D:7 [   D:8 *(   Orc:1 =   Orc:2 [**[

Annotations:
D:11 3 runed translucent doors, Sapher's ghost, novice MeEE; Takeo's ghost, journeyman DjFE; bmj180's ghost, journeyman HuCj
Spider:2 Agnes


Innate Abilities, Weirdness & Mutations

You have a pair of horns on your head.
You reflexively headbutt those who attack you in melee.


Message History

Throw: 5 boomerangs
Press: ? - help, Q - select action, (/) - cycle Shift-Dir - straight line, f - redback
Aim: a redback (71% to hit)
You throw a boomerang.
The boomerang closely misses the redback.
Throw: 5 boomerangs
Press: ? - help, Q - select action, (/) - cycle Shift-Dir - straight line, f/p - redback
Aim: a redback (71% to hit)
You throw a boomerang.
The boomerang barely misses the redback.
You closely miss the redback. The redback closely misses you.
You furiously retaliate!
You headbutt the redback! You bludgeon the redback!!
You kill the redback!
Okawaru accepts your kill. You block Agnes's attack.
The entropy weaver casts a spell at you.
You block Agnes's attack.
Things that are here:
a redback corpse; a tarantella corpse; a jumping spider corpse You impale the entropy weaver!!
Your headbutt misses the entropy weaver.
The entropy weaver is heavily wounded.
You hear a faint skittering sound. x2
Agnes hits you with a +1 lajatang of electrocution!
* * * LOW HITPOINT WARNING * * *
You block the entropy weaver's attack.
The entropy weaver hits you but does no damage. x2
You block the entropy weaver's attack.
You impale the entropy weaver!!
The entropy weaver is almost dead.
Agnes hits you with a +1 lajatang of electrocution!!
* * * LOW HITPOINT WARNING * * *
You pound the entropy weaver like an anvil!!!
You kill the entropy weaver!
Okawaru accepts your kill.
Your base Shields skill increases to level 15!
Agnes hits you with a +1 lajatang of electrocution!!
You die...
Agnes says, "May you follow the Path of Peace in your next life."

############
##........#.#
##si@†.#.....#. ..#
#####ss###...#.#..
...##...##^^s##.....#
##..#....#...^##....#..
#.............†^.....#
#.#
##..##.....#)#†#..#.#
..^ #...#○###....s.# #
..#
#....^#.#..#)††......
^#^
##....#..#s...°.#s##^


You could see Agnes and 3 redbacks.

Vanquished Creatures
  Rupert (Lair:4)
  A sphinx (D:13)
  An azure jelly (IceCv)
  A fire giant (D:13)
  A quicksilver ooze (IceCv)
  An orc warlord (Orc:2)
  Nessos (D:15)
  Azrael (Orc:2)
  A spark wasp (Spider:2)
  An ettin (D:15)
  2 entropy weavers
  2 fire dragons
  4 hydras
  2 catoblepae
  3 ogre magi
  8 boulder beetles
  8 centaur warriors
  A death knight (D:13)
  3 demonic crawlers (Spider:2)
  14 death yaks
  3 tengu warriors
  16 two-headed ogres
  Urug (Lair:4)
  An occultist (D:15)
  6 skeletal warriors (D:13)
  3 pharaoh ants
  A lindwurm (Lair:5)
  3 deep trolls
  2 orb spiders
  A steelbarb worm (Spider:2)
  A phantasmal warrior (D:13)
  A necromancer (D:15)
  2 deep elf archers (Volcano)
  A harpy (shapeshifter) (D:14)
  2 deep elf zephyrmancers
  2 wolf spider zombies (D:13)
  5 orc knights
  10 deep elf pyromancers
  7 wolf spiders
  21 ugly things
  3 manticores
  8 cyclopes
  3 centaur zombies (D:13)
  A moth of wrath (Spider:1)
  26 elephants
  2 molten gargoyles (Lair:5)
  7 black mambas
  2 gargoyles (D:12)
  A torpor snail (Spider:1)
  9 cane toads
  4 efreet
  2 freezing wraiths
  An ice statue (IceCv)
  A rime drake (shapeshifter) (D:13)
  3 rime drakes (Lair:2)
  9 komodo dragons
  4 tengu conjurers
  3 meliai (Spider:2)
  19 trolls
  4 polar bears
  2 hornets (Lair:2)
  9 tarantellas
  2 meliai zombies (D:13)
  9 blink frogs
  5 dream sheep (Lair:4)
  A blink frog (shapeshifter) (D:13)
  19 slime creatures
  8 culicivoras
  4 jumping spiders
  3 shadows
  3 wraiths (D:13)
  2 vampires
  12 wyverns
  A water elemental (D:13)
  Eustachio (D:4)
  A centaur simulacrum (D:12)
  56 yaks
  9 basilisks
  9 wargs
  13 fire elementals
  5 vampire mosquitoes
  16 redbacks
  9 steam dragons
  18 water moccasins
  8 hell hounds
  6 acid dragons
  4 great orb of eyes simulacra (IceCv)
  5 black bears
  A sky beast (D:8)
  23 orc warriors
  An ice beast (D:7)
  A crocodile (Sewer)
  5 wolves
  12 centaurs
  20 ogres
  A tengu (shapeshifter) (D:14)
  2 slime creature simulacra (IceCv)
  A phantom (D:7)
  5 scorpions
  12 bullfrogs
  A two-headed ogre simulacrum (D:11)
  3 gnoll sergeants
  6 glowing shapeshifter simulacra (IceCv)
  4 wights (D:10)
  14 killer bees
  3 electric eels (D:13)
  4 howler monkeys
  5 lava snakes (Lair:5)
  A gnoll bouda (D:7)
  4 hounds
  2 jellies
  26 orc priests
  Jessica (D:2)
  An iguana (D:4)
  12 orc wizards
  6 shapeshifter simulacra (IceCv)
  6 hell rats (Lair:1)
  A spriggan simulacrum (D:11)
  8 mummies (Ossuary)
  Robin (D:2)
  14 gnolls
  6 adders
  6 naga simulacra (D:11)
  2 shadow imps (D:5)
  2 white imps
  A bombardier beetle (D:3)
  2 ufetubi (D:6)
  A worm (D:3)
  2 dart slugs (D:2)
  80 orcs
  9 endoplasms
  3 giant cockroaches
  A gnoll zombie (Ossuary)
  20 goblins
  10 hobgoblins
  16 jackals
  9 kobolds
  6 quokkas
  7 ball pythons
  4 bats
  3 frilled lizards
  3 hobgoblin zombies (Ossuary)
  4 orc zombies (Ossuary)
  10 rats
912 creatures vanquished.

Vanquished Creatures (others)
  An orc wizard (Orc:2)
1 creature vanquished.

Grand Total: 913 creatures vanquished

Notes
Turn   | Place    | Note
-------+----------+-------------------------------------------
     0 | D:1      | gohu the Minotaur Fighter began the quest for the Orb.
     0 | D:1      | Reached XP level 1. HP: 19/19 MP: 0/0
    61 | D:1      | Reached skill level 4 in Fighting
    61 | D:1      | Reached XP level 2. HP: 24/27 MP: 1/1
   647 | D:1      | Reached XP level 3. HP: 33/33 MP: 2/2
  1392 | D:3      | Reached XP level 4. HP: 41/41 MP: 3/3
  1534 | D:3      | Found a glowing drain.
  1576 | Sewer    | Entered a sewer
  1645 | Sewer    | Noticed a crocodile
  1653 | Sewer    | Killed a crocodile
  1654 | Sewer    | Reached skill level 5 in Fighting
  1654 | Sewer    | Reached XP level 5. HP: 21/48 MP: 4/4
  1793 | D:3      | Found Izxim's Antique Weapon Boutique.
  1900 | D:3      | Found a basalt altar of Yredelemnul.
  1937 | D:3      | Got the Compendium of the Transmuted Caves
  2151 | D:2      | Noticed Robin
  2160 | D:2      | Reached skill level 5 in Maces & Flails
  2181 | D:2      | Killed Robin
  2477 | D:2      | Found a faded altar of an unknown god.
  2566 | D:2      | Noticed Jessica
  2569 | D:2      | Killed Jessica
  2570 | D:2      | Reached XP level 6. HP: 54/56 MP: 5/5
  3000 | D:3      | Bought a glowing flail for 169 gold pieces
  3252 | D:5      | Entered Level 5 of the Dungeon
  3579 | D:4      | Noticed Eustachio
  3646 | D:5      | Reached skill level 5 in Armour
  3704 | D:6      | Noticed a steam dragon
  3718 | D:6      | Killed a steam dragon
  3719 | D:6      | Reached XP level 7. HP: 32/62 MP: 6/6
  3805 | D:6      | Reached skill level 6 in Fighting
  3805 | D:6      | Found a sand-covered staircase.
  3812 | Ossuary  | Entered an ossuary
  4284 | D:6      | Reached XP level 8. HP: 28/70 MP: 7/7
  4572 | D:6      | Found Nek Jet's Distillery.
  4576 | D:6      | Found Pawnyh's Weapon Emporium.
  4590 | D:6      | Bought a potion of heal wounds for 50 gold pieces
  4590 | D:6      | Bought a potion of heal wounds for 50 gold pieces
  4590 | D:6      | Bought a potion of mutation for 80 gold pieces
  4590 | D:6      | Bought a potion of curing for 30 gold pieces
  4719 | D:6      | Found a staircase to the Ecumenical Temple.
  4729 | Temple   | Entered the Ecumenical Temple
  4775 | Temple   | Became a worshipper of Warmaster Okawaru
  5308 | D:6      | Bought a +0 morningstar of protection for 88 gold pieces
  5600 | D:6      | Found a sacrificial altar of Ru.
  6541 | D:7      | Found Guyk Gyptin's Antique Armour Boutique.
  6560 | D:7      | Reached skill level 5 in Shields
  6832 | D:7      | Reached * piety under Okawaru
  6833 | D:7      | Reached skill level 7 in Fighting
  6833 | D:7      | Reached skill level 10 in Maces & Flails
  7003 | D:7      | Reached XP level 9. HP: 79/79 MP: 8/8
  7365 | D:4      | Killed Eustachio
  7365 | D:4      | Reached ** piety under Okawaru
  7850 | D:7      | Bought a runed buckler for 187 gold pieces
  7885 | D:8      | Found a shadowy altar of Dithmenos.
  7977 | D:8      | Found Ojegaaca's Lightly-Used Armoury.
  8099 | D:8      | Reached skill level 8 in Fighting
  8283 | D:8      | Found a snail-covered altar of Cheibriados.
  8290 | D:8      | Reached skill level 10 in Fighting
  8290 | D:8      | Reached XP level 10. HP: 94/94 MP: 9/9
  8407 | D:8      | Found a radiant altar of Vehumet.
  8408 | D:8      | Found a broken altar of Ashenzari.
  8607 | D:8      | Reached skill level 11 in Fighting
  8625 | D:8      | Reached *** piety under Okawaru
  8867 | D:8      | Reached XP level 11. HP: 102/102 MP: 10/10
  8932 | D:8      | Found a staircase to the Lair.
  8940 | D:8      | Reached **** piety under Okawaru
  9053 | D:8      | Found Inuogoir's Antique Weapon Emporium.
  9306 | D:9      | Found a shimmering altar of Xom.
  9585 | D:9      | Reached skill level 10 in Armour
  9620 | D:10     | Entered Level 10 of the Dungeon
  9728 | D:10     | Noticed a green ugly thing
  9735 | D:10     | Killed a green ugly thing
  9736 | D:10     | Reached skill level 1 in Throwing
  9743 | D:10     | Reached skill level 15 in Maces & Flails
  9841 | D:9      | Reached ***** piety under Okawaru
 10247 | D:9      | Found a hide-covered altar of Uskayaw.
 10574 | D:11     | Received a gift from Okawaru
 10610 | D:11     | Found a frozen archway.
 10650 | D:11     | Reached skill level 12 in Fighting
 10657 | IceCv    | Entered an ice cave
 11017 | IceCv    | Received a gift from Okawaru
 11036 | IceCv    | Reached XP level 12. HP: 110/112 MP: 11/11
 11074 | IceCv    | Reached skill level 1 in Invocations
 11364 | IceCv    | Found a viscous altar of Jiyva.
 11364 | IceCv    | Noticed an azure jelly
 11376 | IceCv    | Killed an azure jelly
 11383 | IceCv    | Noticed a quicksilver ooze
 11396 | IceCv    | Killed a quicksilver ooze
 11829 | IceCv    | Reached skill level 13 in Fighting
 11966 | D:11     | Received a gift from Okawaru
 12026 | D:10     | Found a glowing silver altar of Zin.
 12360 | D:11     | Found a runed translucent gate.
 12361 | D:11     | Noticed bmj180's ghost (journeyman HuCj)
 12363 | D:11     | Noticed Takeo's ghost (journeyman DjFE)
 12364 | D:11     | Found a runed translucent gate.
 12365 | D:11     | Found a runed translucent gate.
 12365 | D:11     | Noticed Sapher's ghost (novice MeEE)
 12527 | D:11     | Found a staircase to the Orcish Mines.
 12873 | D:12     | Noticed a two-headed ogre
 12960 | Lair:1   | Entered Level 1 of the Lair of Beasts
 13039 | Lair:1   | Reached ****** piety under Okawaru
 13102 | Lair:1   | Received a gift from Okawaru
 13206 | Lair:1   | Reached skill level 5 in Throwing
 13442 | Lair:1   | Received a gift from Okawaru
 13454 | Lair:1   | Reached XP level 13. HP: 123/123 MP: 15/15
 13779 | Lair:2   | Reached skill level 14 in Fighting
 13801 | Lair:2   | Paralysed by a hornet for 3 turns
 14108 | Lair:2   | Found a hole to the Spider Nest.
 14765 | Lair:2   | Received a gift from Okawaru
 14766 | Lair:2   | Reached skill level 5 in Invocations
 15150 | Lair:3   | Received a gift from Okawaru
 15251 | Lair:3   | Found a staircase to the Shoals.
 15415 | Lair:3   | Reached skill level 15 in Fighting
 15787 | Lair:3   | Reached skill level 10 in Shields
 15854 | Lair:4   | Noticed Rupert
 15871 | Lair:4   | Killed Rupert
 15871 | Lair:4   | Received a gift from Okawaru
 16360 | Lair:5   | Entered Level 5 of the Lair of Beasts
 16379 | Lair:5   | Reached XP level 14. HP: 101/135 MP: 17/17
 16431 | Lair:5   | Found a dark tunnel.
 16434 | Lair:5   | Received a gift from Okawaru
 16448 | Volcano  | Entered a volcano
 17122 | Lair:4   | Identified the +0 ring mail of Eqes {Str+5}
 17269 | Lair:4   | Reached skill level 16 in Fighting
 17279 | Lair:4   | Received a gift from Okawaru
 17549 | Lair:4   | Identified the +2 chain mail of Privacy {^Contam Rampage
                  | Regen+ SInv}
 17601 | Lair:4   | Noticed Urug
 17615 | Lair:4   | Killed Urug
 18107 | Lair:4   | Received a gift from Okawaru
 18483 | Lair:5   | Found a staircase to the Slime Pits.
 18554 | Lair:5   | Received a gift from Okawaru
 18892 | Lair:5   | Reached skill level 17 in Fighting
 19067 | Lair:5   | Received a gift from Okawaru
 19212 | Lair:5   | Found a large runed translucent door.
 19213 | Lair:5   | Found a large runed translucent door.
 20059 | Lair:5   | Acquired a +5 eveningstar of protection
 20059 | Lair:5   | Received a gift from Okawaru
 20064 | Lair:5   | Acquired a +2 tower shield of positive energy
 20064 | Lair:5   | Received a gift from Okawaru
 20107 | Lair:5   | Identified the staff "Esodot Doev" {rElec rPois Will+ Dex-5
                  | Summ Air}
 20420 | D:12     | Reached XP level 15. HP: 98/147 MP: 19/19
 20698 | D:12     | Received a gift from Okawaru
 21853 | D:13     | Received a gift from Okawaru
 22140 | D:13     | Reached skill level 10 in Throwing
 22322 | D:13     | Reached skill level 18 in Fighting
 22327 | D:13     | Received a gift from Okawaru
 22452 | D:13     | Noticed a fire giant
 22454 | D:13     | Identified the amulet of Dawn {rF+ Regen+ rCorr}
 22464 | D:13     | Killed a fire giant
 22713 | D:13     | Noticed a sphinx
 22719 | D:13     | Killed a sphinx
 22988 | D:13     | Found a gate to the Vaults.
 22990 | D:13     | Received a gift from Okawaru
 23507 | D:15     | Entered Level 15 of the Dungeon
 23511 | D:15     | Received a gift from Okawaru
 23654 | D:14     | Reached XP level 16. HP: 159/159 MP: 20/20
 23918 | D:14     | Reached skill level 15 in Armour
 24232 | D:15     | Received a gift from Okawaru
 24252 | D:15     | Reached skill level 19 in Fighting
 24540 | D:15     | Noticed Nessos
 24783 | D:15     | Killed Nessos
 24886 | D:15     | Found a staircase to the Depths.
 25516 | Orc:1    | Entered Level 1 of the Orcish Mines
 25651 | Orc:1    | Found Xelu's Jewellery Emporium.
 25741 | Orc:2    | Entered Level 2 of the Orcish Mines
 25741 | Orc:2    | Found a staircase to the Elven Halls.
 25851 | Orc:2    | Received a gift from Okawaru
 26489 | Orc:2    | Found Ogub's General Store.
 26496 | Orc:2    | Found Ysmoasm's Armour Shoppe.
 26498 | Orc:2    | Found Yhos's Armour Shop.
 26507 | Orc:2    | Received a gift from Okawaru
 26513 | Orc:2    | Bought a scroll of teleportation for 51 gold pieces
 26520 | Orc:2    | Found Wiun's General Store.
 26541 | Orc:2    | Bought a scroll of teleportation for 39 gold pieces
 26541 | Orc:2    | Bought a potion of curing for 39 gold pieces
 26546 | Orc:2    | Bought a +2 pair of gloves of hurling for 236 gold pieces
 26771 | Orc:2    | Noticed Azrael
 26783 | Orc:2    | Killed Azrael
 27082 | Spider:1 | Entered Level 1 of the Spider Nest
 27445 | Spider:1 | Reached skill level 20 in Fighting
 27944 | Spider:2 | Reached XP level 17. HP: 161/170 MP: 21/21
 28042 | Spider:2 | Noticed Agnes
 28084 | Spider:2 | Reached skill level 15 in Shields
 28084 | Spider:2 | Slain by Agnes

Illustrated notes

Levels and vault maps discovered:
D:1:      dpeg_arrival_rhombus, layout_loops_corners, kennysheep_small_spiral
D:2:      minmay_door_path, layout_basic,
          chequers_ecumenical_altar_simple_redux, uniq_robin, uniq_jessica
D:3:      layout_loops_cross, mainiacjoe_overflow_tiny_flanked, serial_shops,
          shop, cheibrodos_sewer_entry_sluice, grunt_decor_junction,
          grunt_decor_mini_mirrors
D:4:      layout_rooms, uniq_eustachio
D:5:      layout_loops_corners, chequers_jeans, saegor_snake_ambush
D:6:      layout_loops_corners, nicolae_ru_path_of_blood,
          minmay_temple_entry_overgrown, nicolae_ossuary_entry_plus,
          nicolae_wooded_promenade
D:7:      layout_cave_pools, serial_column_ruins, column_ruins_hut,
          column_ruins_hut, column_ruins_grid_1, column_ruins_columns_dead_end,
          column_ruins_corridor_corner, serial_shops, shop
D:8:      layout_loops_cross, mainiacjoe_overflow_surrounded_room,
          nicolae_dithmenos_through_a_glass_darkly,
          mainiacjoe_overflow_big_doors, minmay_lair_entry_grove, serial_shops,
          nicolae_shop_tiny_statue_garden, minmay_shop_damaged,
          roderic_roman_lattice, amcnicky_mini_pool_small
D:9:      nicolae_cairo_tiling_very_big, layout_basic, kennysheep_mini,
          xom_teletrap_fun
D:10:     layout_rooms, zin_statuary
D:11:     layout_rooms, david_orc_5, gammafunk_ghost_cemetery,
          portal_ice_cave_entry_ice_simulacra
D:12:     hangedman_cross_veins, layout_irregular_city, serial_library,
          serial_library_hellmonk_double_dead_end,
          serial_library_hellmonk_reading_circle,
          serial_library_hellmonk_u_bend, serial_library_hellmonk_u_bend,
          serial_library_hellmonk_room_b, serial_library_hellmonk_long_bookcase,
          serial_library_hellmonk_long_bookcase, st_stairs_5,
          nicolae_zig_zag_zippers
D:13:     evilmike_diamond_2, layout_loops_cross, david_vaults_2, serial_undead,
          serial_undead_c, serial_undead_f, serial_undead_a, serial_undead_e,
          minmay_misc_feat_roman, kennysheep_cluttered_room, drop_trap
D:14:     layout_roguey, abandoned_shop
D:15:     hangedman_depths_entry_civil_slaughter, layout_cave_pods,
          serial_bayou_lagoon_a, uniq_nessos
Temple:   hellmonk_temple_forest_ring
Lair:1:   layout_cave_shapes, amcnicky_mini_pool_medium
Lair:2:   layout_chaotic_city, spider_nest_entry_webs, serial_bayou_shore_b
Lair:3:   layout_concentric_octagons, elwin_shoals_entry_rocks
Lair:4:   layout_cave_pods, uniq_rupert, uniq_urug
Lair:5:   cheibrodos_lair_end_hotspot, layout_small_grid, slime_entry_1,
          enter_volcano_3
Spider:1: layout_spider_delve
Spider:2: layout_spider_delve, uniq_agnes
Orc:1:    layout_diamond_mine, serial_shops, nicolae_shop_rolling_square
Orc:2:    st_orc_open, layout_caves, basic_altar, uniq_azrael

Skill      XL: |  1  2  3  4  5  6  7  8  9 10 11 12 13 14 15 16 17 |
---------------+----------------------------------------------------+-----
Fighting       | 4 5 6 7 10 11 12 13 15 17 18 20 | 20.2
Armour         | 4 5 6 7 9 10 11 12 13 14 15 16 | 16.0
Shields        | 4 5 6 7 8 10 11 12 14 15 | 15.0
Maces & Flails | 3 4 5 7 8 10 13 14 16 17 | 17.2
Dodging        | 4 |  4.2
Throwing       | 2 5 7 9 10 11 | 11.2
Invocations    | 4 6 7 |  7.9

Action                     |  1- 3 |  4- 6 |  7- 9 | 10-12 | 13-15 | 16-18 || total
---------------------------+-------+-------+-------+-------+-------+-------++-------
  Melee: Flail             |    80 |   174 |    77 |       |       |       ||   331
         Headbutt          |    10 |    25 |    40 |   124 |   266 |   107 ||   572
         Morningstar       |       |       |   185 |   579 |   693 |       ||  1457
         Eveningstar       |       |       |       |       |   286 |   513 ||   799
  Throw: Boomerang         |       |       |     5 |   113 |   198 |   102 ||   418
         Javelin           |       |       |       |       |    95 |     6 ||   101
 Invoke: Heroism           |       |       |     1 |     2 |     4 |     1 ||     8
         Finesse           |       |       |       |     1 |     1 |     1 ||     3
         Receive Weapon    |       |       |       |       |     1 |       ||     1
         Receive Armour    |       |       |       |       |     1 |       ||     1
  Evoke: Wand              |       |       |     3 |       |       |       ||     3
    Use: Scroll            |     1 |       |    18 |     1 |     8 |     2 ||    30
         Potion            |       |     1 |     9 |       |     1 |     1 ||    12
   Stab: Petrified         |       |       |       |       |     2 |       ||     2
         Invisible         |       |       |       |       |     1 |       ||     1
         Petrifying        |       |       |       |       |     1 |       ||     1
         Distracted        |       |       |       |       |     1 |       ||     1
 Armour: Scale mail        |    53 |    90 |       |       |       |       ||   143
         Chain mail        |       |    67 |   205 |       |       |       ||   272
         Plate armour      |       |       |    66 |   373 |   533 |   273 ||  1245
  Dodge: Dodged            |    30 |   102 |   116 |   143 |   225 |   162 ||   778
  Block: Buckler           |     7 |    49 |    81 |    43 |       |       ||   180
         Kite shield       |       |       |       |   153 |   317 |       ||   470
         Tower shield      |       |       |       |       |   194 |   622 ||   816

Table legend: (Time is in decaauts)
 A = Elapsed time spent in this place.
 B = Non-inter-level travel time spent in this place.
 C = Inter-level travel time spent in this place.
 D = Time resting spent in this place.
 E = Time spent auto-exploring this place.
 F = Levels seen in this place.
 G = Mean time per level.
                   A        B        C        D        E       F      G
               +--------+--------+--------+--------+--------+-----+--------+
         Total |  27921 |  25597 |   2324 |    645 |  18358 |  29 |  962.8 |
       Dungeon |  16711 |  15099 |   1612 |    200 |  11329 |  15 | 1114.1 |
        Temple |     57 |     46 |     11 |      0 |      0 |   1 |   57.0 |
          Lair |   6381 |   5820 |    561 |      0 |   4416 |   5 | 1276.2 |
   Spider Nest |    970 |    927 |     43 |      0 |    629 |   2 |  485.0 |
  Orcish Mines |   1382 |   1286 |     96 |      0 |    802 |   2 |  691.0 |
         Sewer |    217 |    217 |      0 |      0 |    131 |   1 |  217.0 |
       Ossuary |    359 |    359 |      0 |      9 |    177 |   1 |  359.0 |
      Ice Cave |   1269 |   1269 |      0 |    436 |    502 |   1 | 1269.0 |
       Volcano |    570 |    570 |      0 |      0 |    371 |   1 |  570.0 |
               +--------+--------+--------+--------+--------+-----+--------+

Top non-repeatable levels by time:
    D:13: 1782 daAuts
  Lair:5: 1692 daAuts
  Lair:4: 1648 daAuts
     D:6: 1596 daAuts
     D:8: 1419 daAuts
    D:12: 1356 daAuts
  Lair:2: 1306 daAuts
   IceCv: 1269 daAuts
     D:1: 1267 daAuts
     D:9: 1261 daAuts
    D:15: 1112 daAuts
     D:7: 1108 daAuts
     D:5: 1065 daAuts
     D:2: 1033 daAuts
    D:14: 964 daAuts
